 Dungeon Crawl Stone Soup version 0.25-a0-458-g6fc7858b95 (webtiles) character file.

Game seed: 5101552270658053141, levelgen mode: deterministic

876 strongu the Poker (level 8, -6/52 HPs)
             Began as an Octopode Fighter on Feb 2, 2020.
             Shot with an arrow by a centaur (17 damage)
             ... on level 5 of the Dungeon.
             The game lasted 00:04:10 (4035 turns).

strongu the Poker (Octopode Fighter)                Turns: 4035, Time: 00:04:11

Health: -6/52      AC:  1    Str: 17    XL:     8   Next: 4%
Magic:  8/8        EV: 12    Int: 11    God:
Gold:   298        SH: 10    Dex: 11    Spells: 7/7 levels left

rFire    . . .     SeeInvis .   a - +0 trident
rCold    . . .     Gourm    .   b - +0 shield
rNeg     . . .     Faith    .   (helmet restricted)
rPois    .         Spirit   .   (no amulet)
rElec    .         Reflect  .   (no ring)
rCorr    .         Harm     .   (no ring)
MR       .....                  (no ring)
Stlth    ++........             (no ring)
HPRegen  0.17/turn              (no ring)
MPRegen  0.11/turn              (no ring)
                                (no ring)
                                (no ring)

@: no status effects
A: almost no armour, stealthy swim, amphibious, 8 rings, constrict 8, camouflage
1, gelatinous body 1
a: no special abilities


You were on level 5 of the Dungeon.
You were not hungry.

You visited 1 branch of the dungeon, and saw 5 of its levels.

You collected 298 gold pieces.

Inventory:

Hand Weapons
 a - a +0 trident (weapon)
Armour
 b - a +0 shield (worn)
Scrolls
 e - a scroll of fog {unknown}
 f - a scroll of fear {unknown}
 g - 2 scrolls of identify
 h - 3 scrolls of magic mapping {unknown}
 j - 2 scrolls of teleportation {unknown}
 l - a scroll of amnesia {unknown}
 n - 2 scrolls of remove curse {unknown}
Potions
 k - 3 potions of heal wounds
 m - a potion of haste
Comestibles
 c - a chunk of flesh
 d - 5 rations


   Skills:
 - Level 3.0 Fighting
 * Level 7.5 Polearms
 - Level 3.0 Dodging
 + Level 5.8 Shields


You had 7 spell levels left.
You didn't know any spells.
Your spell library was empty.

Dungeon Overview and Level Annotations

Branches:
Dungeon (5/15)
 Temple: D:4-7

Altars:
Vehumet


Innate Abilities, Weirdness & Mutations

You cannot wear most types of armour.
You are very stealthy in the water. (Stealth+)
You are amphibious.
You can wear up to eight rings at the same time.
You can use your tentacles to constrict eight enemies at once.
Your skin changes colour to match your surroundings (Stealth+).
Your rubbery body absorbs attacks. (AC +1, EV +1)


Message History

You are too injured to fight recklessly!
You are too injured to fight recklessly!
You are too injured to fight recklessly!
A centaur comes into view.
You block the centaur skeleton's attack.
The centaur shouts!
You hit the centaur skeleton but do no damage.
The centaur reads a scroll.
Wisps of shadow swirl around the centaur.
You block the centaur skeleton's attack.
You hit the centaur skeleton but do no damage.
You squeeze the centaur skeleton!
The centaur skeleton is moderately damaged.
You block the centaur skeleton's attack.
The centaur wields a +0 shortbow.
The centaur shoots an arrow.
The arrow hits you! The centaur skeleton hits you!
* * * LOW HITPOINT WARNING * * *
The centaur shoots an arrow.
The arrow hits you!
You die...

...........##...
.................
.................
.............>..
..............
#....:.......
#............ ........##
#..<@Z....... .........##
#....(.......
..........###.......!....
..........#..............
............##...%.......
..........## #..5cwh.....
..........# #.....[.....
..........# #...........
.........## ##..........


You could see a centaur, a hound, a crimson imp, a dart slug and a centaur
skeleton.

Vanquished Creatures
  Grinder (D:4)
  A phantom (D:4)
  An ogre (D:5)
  Blork the orc (D:4)
  3 scorpions
  3 orc priests (D:4)
  4 worker ants
  Terence (D:2)
  A hound skeleton (D:5)
  3 adders
  2 oozes
  A dart slug (D:1)
  3 leopard geckos
  5 orcs
  2 ball pythons
  4 giant cockroaches
  5 hobgoblins
  5 bats
  5 frilled lizards
  7 goblins
  4 kobolds (D:1)
  A leopard gecko skeleton (D:5)
  5 rats
68 creatures vanquished.

Notes
Turn   | Place    | Note
-------+----------+-------------------------------------------
     0 | D:1      | strongu the Octopode Fighter began the quest for the Orb.
     0 | D:1      | Reached XP level 1. HP: 16/16 MP: 1/1
    99 | D:1      | Reached XP level 2. HP: 19/21 MP: 2/2
   684 | D:1      | Reached skill level 3 in Polearms
   826 | D:2      | Reached XP level 3. HP: 26/26 MP: 3/3
   941 | D:2      | Noticed Terence
   947 | D:2      | Killed Terence
   974 | D:2      | Found a radiant altar of Vehumet.
  1281 | D:2      | Reached XP level 4. HP: 28/31 MP: 4/4
  1453 | D:3      | Reached skill level 4 in Polearms
  1695 | D:3      | Reached XP level 5. HP: 36/36 MP: 5/5
  1730 | D:3      | You fall into a shaft and drop 2 floors!
  1730 | D:5      | Entered Level 5 of the Dungeon
  2355 | D:4      | Reached skill level 5 in Polearms
  2355 | D:4      | Reached XP level 6. HP: 27/42 MP: 6/6
  2821 | D:4      | Noticed Blork the orc
  2831 | D:4      | Killed Blork the orc
  2833 | D:4      | Noticed Grinder
  2836 | D:4      | Paralysed by Grinder for 5 turns
  2849 | D:4      | Killed Grinder
  2849 | D:4      | Reached skill level 6 in Polearms
  2849 | D:4      | Reached skill level 5 in Shields
  2849 | D:4      | Reached XP level 7. HP: 44/46 MP: 7/7
  3679 | D:4      | Reached skill level 7 in Polearms
  4024 | D:5      | Reached XP level 8. HP: 25/52 MP: 8/8
  4035 | D:5      | Shot with an arrow by a centaur

Levels and vault maps discovered:
D:1:      nicolae_arrival_memento_mori, layout_loops_cross, minmay_bisected
D:2:      layout_loops_corners, lemuel_doored_altar, eino_tiny_chamber,
          uniq_terence
D:3:      layout_loops_ring, first_ration
D:4:      minmay_chambers_of_threes, layout_basic, uniq_blork_the_orc,
          uniq_grinder
D:5:      layout_cave_pods, minivault_24

Skill      XL: |  1  2  3  4  5  6  7 |
---------------+----------------------+-----
Polearms       | 3 4 5 6 7 |  7.5
Shields        | 4 5 |  5.8
Fighting       | |  3.0
Dodging        | |  3.0

Action                   |  1- 3 |  4- 6 |  7- 9 || total
-------------------------+-------+-------+-------++-------
Melee: Trident           |    63 |    66 |    43 ||   172
       Tentacles         |    13 |     9 |    15 ||    37
       Constrict         |    12 |    12 |     8 ||    32
Throw: Throwing net      |       |     2 |     1 ||     3
  Use: Scroll            |       |     2 |     1 ||     3
       Potion            |       |       |     1 ||     1
 Stab: Sleeping          |     7 |     5 |     2 ||    14
       Held in net/web   |       |     2 |     1 ||     3
  Eat: Chunk             |     1 |     4 |     1 ||     6
       Ration            |       |       |     1 ||     1
Armor: Skin              |     1 |     1 |     1 ||     3
Dodge: Dodged            |    12 |    14 |    12 ||    38
Block: Shield            |    10 |    23 |    15 ||    48

Table legend:
 A = Non-vault XP
 B = Vault XP
 C = Vault XP percentage of total XP
 D = Non-vault monster count
 E = Vault monster count
 F = Vault count percentage of total count
                 A         B        C        D         E       F
            +---------+---------+-------+---------+---------+-------
      Total |     513 |     739 |  59.0 |      56 |      12 |  17.6
            +---------+---------+-------+---------+---------+-------
        D:1 |      27 |       5 |  15.6 |      18 |       3 |  14.3
        D:2 |      22 |      32 |  59.3 |      12 |       1 |   7.7
        D:3 |      95 |       0 |   0.0 |      10 |       0 |   0.0
        D:4 |     189 |     702 |  78.8 |      10 |       8 |  44.4
        D:5 |     180 |       0 |   0.0 |       6 |       0 |   0.0
            +---------+---------+-------+---------+---------+-------
